 Dungeon Crawl Stone Soup version 0.31.0-12-g77e489cdc1 (webtiles) character file.

Game seed: 11670886105319551935

120 lordive the Changeling (level 5, -3/33 HPs)
             Began as an Octopode Shapeshifter on Feb 29, 2024.
             Slain by a hobgoblin (4 damage)
             ... on level 3 of the Dungeon.
             The game lasted 00:02:05 (1849 turns).

lordive the Changeling (Octopode Shapeshifter)      Turns: 1849, Time: 00:02:07

Health: -3/33      AC:  1    Str: 13    XL:     5   Next: 4%
Magic:  5/5        EV: 13    Int: 12    God:
Gold:   121        SH:  0    Dex: 14    Spells: 4/4 levels left

rFire   + .          .
                       - Unarmed
rCold   . . .        (no shield)
rNeg    . . .        (helmet currently unavailable)
rPois   .            (no amulet)
rElec   .            e - ring of protection from fire
rCorr   .            (no ring)
SInv    .            (no ring)
Will    .....        (no ring)
Stlth   ++           (no ring)
HPRegen 0.25/turn    (no ring)
MPRegen 0.09/turn    (no ring)
                     (no ring)

%: no passive effects
@: confused, beast-form
A: beast (slay +2), almost no armour, amphibious, 8 rings, camouflage 1,
gelatinous body 1, (nimble swimmer 1), tentacles
a: Begin Untransformation


You were on level 3 of the Dungeon.
You were a hulking beast.
You visited 1 branch of the dungeon, and saw 3 of its levels.

You collected 121 gold pieces.

Inventory:

Jewellery
 e - a ring of protection from fire (left tentacle)
 o - a ring of resist corrosion
Talismans
 b - a beast talisman
 c - a flux talisman
Scrolls
 g - 2 scrolls of noise {unknown}
 h - a scroll of identify {unknown}
 i - 2 scrolls of immolation {unknown}
 j - a scroll of enchant weapon {unknown}
 k - a scroll of poison {unknown}
 l - 2 scrolls of enchant armour {unknown}
 m - a scroll of teleportation {unknown}
 n - a scroll of blinking {unknown}
 p - a scroll of brand weapon {unknown}
Potions
 a - 2 potions of lignification
 d - a potion of mutation {unknown}
 f - a potion of curing {unknown}
 q - 2 potions of degeneration {unknown}


   Skills:
 + Level 1.1 Fighting
 + Level 2.3 Dodging
 + Level 3.9 Unarmed Combat
 * Level 4.4 Shapeshifting


You had 4 spell levels left.
You didn't know any spells.
Your spell library contained the following spells:

 Spells                   Type           Power      Damage    Failure   Level
 Apportation              Tloc           0%         N/A       32%         1
 Necrotise                Necr           0%         1d4       32%         1
 Slow                     Hex            0%         N/A       32%         1
 Sting                    Conj/Alch      0%         1d3       32%         1
 Summon Small Mammal      Summ           0%         N/A       32%         1
 Static Discharge         Conj/Air       0%         3-3/arc   45%         2
 Confusing Touch          Hex            0%         N/A       69%         3
 Sigil of Binding         Hex            0%         N/A       69%         3
 Vampiric Draining        Necr           0%         2d6       69%         3
 Airstrike                Air            0%         2d(0-16)  97%         4
 Summon Lightning Spire   Summ/Air       0%         N/A       97%         4


Dungeon Overview and Level Annotations

Branches:
Dungeon (3/15)

Altars:
Qazlal
Ru
Vehumet

Annotations:
D:3 exclusion: statue


Innate Abilities, Weirdness & Mutations

You are a hulking beast.
Your limbs bulge with bestial killing power. (Slay +2)
You cannot wear most types of armour.
You are amphibious.
You can wear up to eight rings at the same time.
Your skin changes colour to match your surroundings (Stealth+).
Your rubbery body absorbs attacks. (AC +1, EV +1)
((You are camouflaged when in or above water. (Stealth+)))
You have tentacles for arms and can constrict up to eight enemies at once.


Message History

You barely miss the orc. Your grab misses the orc.
The orc hits you with a +0 short sword. The hobgoblin barely misses you.
The orc hits you but does no damage.
You closely miss the orc. You grab the orc. You squeeze the orc.
The orc is severely wounded.
You constrict the orc. The orc hits you with a +0 dagger.
The orc hits you with a +0 short sword. The hobgoblin completely misses you.
You are too injured to fight recklessly!
You are too injured to fight recklessly!
You are too injured to fight recklessly!
You are too injured to fight recklessly!
You are too injured to fight recklessly!
You are too injured to fight recklessly!
You are too injured to fight recklessly!
You tentacle-slap the orc.
You kill the orc!
The hobgoblin hits you. The orc closely misses you.
You tentacle-slap the orc. You grab the orc.
The orc is moderately wounded.
You constrict the orc. The orc hits you but does no damage.
The orc wizard gestures wildly while chanting.
The orc wizard flickers and vanishes!
Deactivating autopickup; reactivate with Ctrl-A.
The hobgoblin hits you.
* * * LOW HITPOINT WARNING * * *
You completely miss the orc. You squeeze the orc.
You kill the orc!
You hear some strange, mumbled words.
You are confused.
The hobgoblin closely misses you.
You bump into the rock wall.
The hobgoblin barely misses you.
You completely miss the hobgoblin. Your squeeze misses the hobgoblin.
The hobgoblin misses you.
You bump into the rock wall.
The orc misses you.
You hear some strange, mumbled words.
A magic dart appears from out of thin air!
The magic dart hits you!
* * * LOW HITPOINT WARNING * * *
The hobgoblin hits you.
You die...

#...# #.#####.#
#######..#
#.......# .....##..
#.#####.#
#......#####......#
#..#...........#..#
#######...$.####
#..#..#.....#
#..#.o#g.#..#
#....{h._#..+
#....######## .....
.... ..? ##


You could see an orc and a hobgoblin.

Vanquished Creatures
  An orc priest (D:3)
  5 adders (D:2)
  3 dart slugs
  A ribbon worm (D:2)
  2 orcs (D:3)
  A bat (D:2)
  5 endoplasms
  A giant cockroach (D:2)
  4 goblins
  3 hobgoblins
  4 kobolds
  2 ball pythons (D:1)
  A frilled lizard (D:1)
  6 rats
39 creatures vanquished.

Notes
Turn   | Place    | Note
-------+----------+-------------------------------------------
     0 | D:1      | lordive the Octopode Shapeshifter began the quest for the
                  | Orb.
     0 | D:1      | Reached XP level 1. HP: 13/13 MP: 1/1
   203 | D:1      | Reached XP level 2. HP: 18/18 MP: 2/2
   810 | D:2      | Reached XP level 3. HP: 17/23 MP: 3/3
   896 | D:2      | Reached skill level 4 in Shapeshifting
  1287 | D:2      | Reached XP level 4. HP: 18/28 MP: 4/4
  1463 | D:2      | Found a stormy altar of Qazlal.
  1796 | D:3      | Found a radiant altar of Vehumet.
  1796 | D:3      | Noticed a charred statue
  1809 | D:3      | Found a sacrificial altar of Ru.
  1842 | D:3      | Reached XP level 5. HP: 22/33 MP: 5/5
  1849 | D:3      | HP: 1/33 [something/magic dart (9)]
  1849 | D:3      | Slain by a hobgoblin

Illustrated notes

Levels and vault maps discovered:
D:1:      lemuel_arrival_river_ford, layout_loops_ring, minmay_pentomino_s2
D:2:      layout_loops_corners, basic_altar
D:3:      minmay_angry_zag, layout_loops_ring, vehumet_statue,
          hangedman_ru_absence, ebering_ecumenical_altar_sacrificial,
          minmay_stone_trees_small, nicolae_titane

Skill      XL: |  1  2  3 |
---------------+----------+-----
Shapeshifting  | 4 |  4.4
Fighting       | |  1.1
Dodging        | |  2.3
Unarmed Combat | |  3.9

Action                     |  1- 3 |  4- 6 || total
---------------------------+-------+-------++-------
  Melee: Unarmed           |    60 |    28 ||    88
         Constrict         |    17 |     8 ||    25
         Tentacles         |     9 |     9 ||    18
         Punch             |     3 |       ||     3
   Stab: Sleeping          |     7 |     3 ||    10
 Armour: Skin              |    26 |    19 ||    45
  Dodge: Dodged            |    30 |    16 ||    46
